Map: Acropolis LE

Players

Divinesia

  • Race: Terran Terran
  • League: Master
  • Spawn Location: 11:00

Mez - Winner!

  • Race: Terran Terran
  • League: Master
  • Spawn Location: 5:00

VOD

Have the link to the VOD?

Description

Time

  • Played on: Aug. 15, 2019, 8:11 a.m.
  • Length: 2:46
Show
View Real Time Build Order
Export as new Build Order

Divinesia Terran 

Build Orders:  

Get SALT Encoding   

  12  0:00  SCV  
  13  0:13  SCV  
  14  0:17  Supply Depot  
  14  0:25  SCV  
  15  0:29  Refinery  
  15  0:38  SCV  
  16  0:44  Barracks  
  16  0:50  SCV  
  17  0:57  Refinery  
  17  1:02  SCV  
  18  1:15  SCV  
  19  1:32  Orbital Command  
  19  1:33  Factory  
  19  1:37  Reaper  
  20  1:47  Supply Depot  
  20  1:58  SCV  
  21  2:09  Reaper  
  21  2:10  SCV  
  23  2:19  Hellion  
  25  2:28  Command Center  
  24  2:44  Starport  
Show
View Real Time Build Order
Export as new Build Order

Mez Terran - Winner!

Build Orders:  

Get SALT Encoding   

  12  0:01  SCV  
  13  0:13  SCV  
  14  0:17  Supply Depot  
  14  0:25  SCV  
  15  0:39  SCV  
  15  0:40  Barracks  
  16  0:44  Refinery  
  16  0:51  SCV  
  16  0:53  Refinery  
  17  1:03  SCV  
  18  1:15  SCV  
  19  1:28  Reaper, Orbital Command  
  20  1:43  Factory  
  20  1:45  Supply Depot  
  20  1:54  SCV  
  21  2:00  Reaper  
  22  2:07  SCV  
  23  2:19  SCV  
  23  2:20  Command Center  
  24  2:39  Barracks Reactor  
Tags
 
Add a new tag
Caveats
  • Supply blocks, unpowered buildings, or Contaminate may cause inaccurate times.
  • Supply counts are checked every 10 seconds.